 Dungeon Crawl Stone Soup version 0.21.1-1-g345015f (webtiles) character file.

17 Iko the Vexing (level 2, -3/20 HPs)
             Began as a Centaur Enchanter on May 2, 2018.
             Was an Initiate of Okawaru.
             Slain by a goblin
             ... wielding a +0 club
             ... led by Robin
              (8 damage)
             ... on level 2 of the Dungeon.
             The game lasted 00:04:42 (384 turns).

Iko the Vexing (Centaur Enchanter)                   Turns: 384, Time: 00:04:42

Health: -3/20      AC:  6    Str: 10    XL:     2   Next: 44%
Magic:  4/4        EV:  8    Int: 14    God:    Okawaru [......]
Gold:   49         SH:  0    Dex:  9    Spells: 3/4 levels left

rFire    . . .     SeeInvis .   a - +1 dagger
rCold    . . .     Gourm    .   (no shield)
rNeg     . . .     Faith    .   h - +1 ring mail {MR+}
rPois    .         Spirit   .   (no helmet)
rElec    .         Reflect  .   (no cloak)
rCorr    .         Harm     .   (no gloves)
MR       +....                  (no barding)
Stlth    +.........             (no amulet)
HPRegen  0.06/turn              (no ring)
MPRegen  0.09/turn              (no ring)

@: very quick
A: large, hooves 3, deformed body, speed 2, tough skin 3
a: Renounce Religion


You were on level 2 of the Dungeon.
You worshipped Okawaru.
Okawaru was noncommittal.
You were not hungry.

You visited 1 branch of the dungeon, and saw 3 of its levels.

You collected 49 gold pieces.

Inventory:

Hand Weapons
 a - a +1 dagger (weapon)
Armour
 h - a +1 ring mail of magic resistance (worn)
Jewellery
 i - a -2 ring of dexterity
Scrolls
 f - a scroll of remove curse
Potions
 e - a potion of flight
 g - 2 potions of curing
Books
 c - a book of Maledictions

   Spells                             Type                      Level
   a - Corona                         Hexes                        1
   b - Ensorcelled Hibernation        Hexes/Ice                    2
   c - Confuse                        Hexes                        3
   d - Tukima's Dance                 Hexes                        3
   e - Dazzling Spray                 Conjuration/Hexes            3
Comestibles
 d - 2 rations


   Skills:
 + Level 0.8 Short Blades
 + Level 1.6 Dodging
 + Level 1.9 Stealth
 + Level 1.6 Spellcasting
 + Level 3.1 Hexes


You had 3 spell levels left.
You knew the following spells:

 Your Spells              Type           Power        Failure   Level  Hunger
a - Corona                Hex            #......      19%         1    ##.....


Dungeon Overview and Level Annotations

Branches:
Dungeon (3/15)

Altars:
Okawaru

Annotations:
D:2 Robin


Innate Abilities, Weirdness & Mutations

You have hooves in place of feet.
Armour fits poorly on your strangely shaped body.
You cover ground very quickly.
You have extremely tough skin. (AC +3)


Message History

You hit the goblin.
The goblin is moderately wounded.
Robin throws the goblin at you! The goblin hits you but does no damage.
The goblin barely misses you. The hobgoblin barely misses you.
The goblin hits you but does no damage.
You barely miss the goblin.
The goblin is moderately wounded.
Robin roars a battlecry!
The goblins go into a battle-frenzy!
The goblin hits you but does no damage. The goblin hits you with a club.
The hobgoblin completely misses you. The goblin hits you but does no damage.
You hit the goblin.
You kill the goblin!
Okawaru accepts your kill. The goblin barely misses you. The goblin misses you.
The hobgoblin barely misses you.
You hit the goblin but do no damage. The goblin hits you.
* * * LOW HITPOINT WARNING * * *
The goblin hits you with a club!
You die...

# #.#.......#....#.#.#####
##.##.#.........._..........
#............#.#....#..#####
#####..g.....#.##...#..+
#.....(..#....###..#
#..#'#'#.####......#
#..#.#g#...........#
#..#g#gg...##......#
#..#g##@).....>....+
####.##g#####......#
gg##.#####......#
####............#
#.............+
#.............#
#..#####......... #..#
#.......... # #######.....


You could see Robin, a hobgoblin and 2 goblins.

Vanquished Creatures
  A dart slug (D:2)
  2 giant cockroaches (D:2)
  4 goblins
  3 hobgoblins (D:2)
  A bat (D:2)
  A frilled lizard (D:1)
  A kobold (D:2)
13 creatures vanquished.

Notes
Turn   | Place    | Note
-------+----------+-------------------------------------------
     0 | D:1      | Iko the Centaur Enchanter began the quest for the Orb.
     0 | D:1      | Reached XP level 1. HP: 14/14 MP: 3/3
   223 | D:2      | Found an iron altar of Okawaru.
   270 | D:2      | Reached skill level 3 in Hexes
   286 | D:2      | Reached XP level 2. HP: 15/20 MP: 4/4
   304 | D:2      | Became a worshipper of Warmaster Okawaru
   367 | D:2      | Noticed Robin
   384 | D:2      | Slain by a goblin

Skill      XL: |  1 |
---------------+----+-----
Hexes          | 3 |  3.1
Short Blades   | |  0.8
Dodging        | |  1.6
Stealth        | |  1.9
Spellcasting   | |  1.6

Action                   || total
-------------------------++-------
Melee: Dagger            ||    42
       Kick              ||     8
  Use: Scroll            ||     6
       Potion            ||     1
Armor: Ring mail         ||    15
       Robe              ||     1
Dodge: Dodged            ||    26
